ORI
UNIVERSITY OF CONNETICUT HUSKIES @ FLORIDA STATE UNIVERSITY SEMINOLES
11/29/2049
 
TOP OF THE 1ST
Louisiana State University Tigers batting - Pitching for University of Conneticut Huskies : RHP Sherwood Abernethy
Pitching: RHP Sherwood Abernethy
Batting: LHB John Carter 0-0: Ball
1-0: TRIPLE (Flyball, 89XD, EV 104.4 MPH)
Batting: LHB Manny Grado 0-0: Foul Ball, location: 2F
0-1: Swinging Strike
0-2: Ball
1-2: Ball
2-2: Ball
Wild Pitch!
John Carter scores
3-2: Base on Balls
Batting: RHB Keith Ashton 0-0: Ball
1-0: Called Strike
1-1: Ball
2-1: Foul Ball, location: 2F
2-2: Strikes out swinging
Batting: RHB D.J. Ganz 0-0: Swinging Strike
0-1: Called Strike
0-2: Strikes out swinging
Batting: RHB Byung-hee Jee 0-0: Ball
1-0: Called Strike
1-1: Foul Ball, location: 2F
1-2: Strikes out swinging
Top of the 1st over - 1 run, 1 hit, 0 errors, 1 left on base; Louisiana State University 1 - University of Conneticut 0
BOTTOM OF THE 1ST
University of Conneticut Huskies batting - Pitching for Louisiana State University Tigers : LHP Dan Cunningham
Pitching: LHP Dan Cunningham
Batting: RHB Kyle Finney 0-0: Called Strike
0-1: Ball
1-1: Called Strike
1-2: Foul Ball, location: 2F
1-2: Ball
2-2: Strikes out looking
Batting: LHB Andrew Barzee 0-0: SINGLE (Line Drive, 4MD, EV 107.5 MPH)
Batting: RHB Roku Kawano 0-0: Called Strike
0-1: Foul Ball, location: 2F
0-2: Ball
1-2: Ball
2-2: Foul Ball, location: 2F
2-2: Foul Ball, location: 2F
2-2: Fielders Choice at 2nd, 6-4 (Groundball, 6, EV 78.8 MPH)
Pitching: LHP Nathan Waters
Batting: LHB Hector Acosta 0-0: Ball
1-0: Called Strike
1-1: Ball
2-1: Foul Ball, location: 2F
2-2: Ground out 4-3 (Groundball, 4, EV 96.9 MPH)
Bottom of the 1st over - 0 runs, 1 hit, 0 errors, 1 left on base; Louisiana State University 1 - University of Conneticut 0
TOP OF THE 2ND
Louisiana State University Tigers batting - Pitching for University of Conneticut Huskies : RHP Sherwood Abernethy
Batting: LHB Jon Valdez 0-0: Foul Ball, location: 2F
0-1: Called Strike
0-2: Ball
1-2: Foul Ball, location: 2F
1-2: Ball
2-2: Strikes out swinging
Batting: RHB Zachary Acker 0-0: Foul Ball, location: 2F
0-1: Ball
1-1: Ball
2-1: Ball
3-1: Foul Ball, location: 2F
3-2: Foul Ball, location: 2F
3-2: Foul Ball, location: 2F
3-2: Ground out 6-3 (Groundball, 6, EV 86.2 MPH)
Batting: SHB Paul Blaylock 0-0: Swinging Strike
0-1: Called Strike
0-2: Foul Ball, location: 2F
0-2: Ball
1-2: Ground out 4-3 (Groundball, 4, EV 82.5 MPH)
Top of the 2nd over - 0 runs, 0 hits, 0 errors, 0 left on base; Louisiana State University 1 - University of Conneticut 0
BOTTOM OF THE 2ND
University of Conneticut Huskies batting - Pitching for Louisiana State University Tigers : LHP Nathan Waters
Batting: RHB Victor Nava 0-0: Fly out, F9 (Flyball, 9, EV 91.2 MPH)
Batting: RHB Cullen Elliott 0-0: DOUBLE (Line Drive, 89D, EV 101.2 MPH)
Batting: RHB Lee Wilbur 0-0: SINGLE (Groundball, 56D, EV 107.5 MPH)
Cullen Elliott to third
Batting: LHB Omar Alba 0-0: Ball
1-0: Fielders Choice at 2nd, 4-6 (Groundball, 4, EV 84.4 MPH)
Cullen Elliott scores
Batting: RHB Jack Vokey 0-0: Ball
1-0: Ball
2-0: Foul Ball, location: 2F
2-1: Foul Ball, location: 2F
2-2: Foul Ball, location: 2F
2-2: Strikes out swinging
Bottom of the 2nd over - 1 run, 2 hits, 0 errors, 1 left on base; Louisiana State University 1 - University of Conneticut 1
TOP OF THE 3RD
Louisiana State University Tigers batting - Pitching for University of Conneticut Huskies : RHP Sherwood Abernethy
Batting: RHB Michael Maier 0-0: Called Strike
0-1: Ball
1-1: Ground out 4-3 (Groundball, 4, EV 105.6 MPH)
Batting: LHB John Carter 0-0: Foul Ball, location: 2F
0-1: Swinging Strike
0-2: Ball
1-2: Ball
2-2: Ground out 6-3 (Groundball, 6, EV 83.8 MPH)
Batting: LHB Manny Grado 0-0: Swinging Strike
0-1: SINGLE (Line Drive, 5D, EV 95.0 MPH)
Batting: RHB Keith Ashton 0-0: Fly out, F3 (Popup, 3S, EV 69.4 MPH)
Top of the 3rd over - 0 runs, 1 hit, 0 errors, 1 left on base; Louisiana State University 1 - University of Conneticut 1
BOTTOM OF THE 3RD
University of Conneticut Huskies batting - Pitching for Louisiana State University Tigers : LHP Nathan Waters
Batting: RHB Kyle Finney 0-0: Ground out 6-3 (Groundball, 6, EV 82.5 MPH)
Batting: LHB Andrew Barzee 0-0: Ball
1-0: Ball
2-0: Foul Ball, location: 2F
2-1: Ground out 6-3 (Groundball, 6, EV 88.8 MPH)
Batting: RHB Roku Kawano 0-0: Called Strike
0-1: Hit by Pitch
Batting: LHB Hector Acosta 0-0: Foul Ball, location: 2F
0-1: Ball
1-1: Swinging Strike
1-2: Ball
2-2: Fly out, F8 (Flyball, 8LD, EV 99.4 MPH)
Bottom of the 3rd over - 0 runs, 0 hits, 0 errors, 1 left on base; Louisiana State University 1 - University of Conneticut 1
TOP OF THE 4TH
Louisiana State University Tigers batting - Pitching for University of Conneticut Huskies : RHP Sherwood Abernethy
Batting: RHB D.J. Ganz 0-0: Called Strike
0-1: Called Strike
0-2: SINGLE (Groundball, 34D, EV 105.6 MPH)
Batting: RHB Byung-hee Jee 0-0: Ball
1-0: Ball
2-0: Fielders Choice at 2nd, 5-4 (Groundball, 5, EV 89.4 MPH)
Batting: LHB Jon Valdez 0-0: Called Strike
0-1: Foul Ball, location: 2F
0-2: Ball
1-2: Ball
2-2: Ball
3-2: Foul Ball, location: 2F
3-2: Foul Ball, location: 2F
3-2: Foul Ball, location: 2F
3-2: Grounds out, U3 (Groundball, 3L, EV 91.2 MPH)
Pitching: RHP Jordan Watkins
Batting: RHB Zachary Acker 0-0: Called Strike
0-1: Foul Ball, location: 2F
0-2: Ball
Wild Pitch!
Byung-hee Jee to third
1-2: Ground out 4-3 (Groundball, 4, EV 81.9 MPH)
Top of the 4th over - 0 runs, 1 hit, 0 errors, 1 left on base; Louisiana State University 1 - University of Conneticut 1
BOTTOM OF THE 4TH
University of Conneticut Huskies batting - Pitching for Louisiana State University Tigers : LHP Nathan Waters
Batting: RHB Victor Nava 0-0: Ball
1-0: Ball
2-0: Foul Ball, location: 2F
2-1: Ball
3-1: Foul Ball, location: 2F
3-2: Foul Ball, location: 2F
3-2: Base on Balls
Batting: RHB Cullen Elliott 0-0: Ball
Victor Nava steals 2nd base
1-0: Foul Ball, location: 2F
1-1: DOUBLE (Line Drive, 89D, EV 99.4 MPH)
Victor Nava scores
Batting: RHB Lee Wilbur 0-0: Called Strike
0-1: Foul Ball, location: 2F
0-2: SINGLE (Line Drive, 89M, EV 91.2 MPH)
Cullen Elliott to third
Batting: LHB Omar Alba 0-0: Called Strike
0-1: Ball
1-1: Ball
2-1: Ball
3-1: Foul Ball, location: 2F
3-2: Strikes out looking
Batting: RHB Jack Vokey 0-0: Swinging Strike
0-1: Ball
1-1: Ball
2-1: Ball
3-1: Base on Balls
Lee Wilbur to second
Batting: RHB Kyle Finney 0-0: Ball
1-0: Grounds into double play, 5-4-3 (Groundball, 56, EV 85.0 MPH)
Bottom of the 4th over - 1 run, 2 hits, 0 errors, 2 left on base; Louisiana State University 1 - University of Conneticut 2
TOP OF THE 5TH
Louisiana State University Tigers batting - Pitching for University of Conneticut Huskies : RHP Jordan Watkins
Batting: SHB Paul Blaylock 0-0: Ball
1-0: Ground out U3 (Groundball, 34, EV 85.6 MPH)
Batting: RHB Michael Maier 0-0: Swinging Strike
0-1: Ball
1-1: Ball
2-1: Foul Ball, location: 2F
2-2: Foul Ball, location: 2F
2-2: Ball
3-2: Foul Ball, location: 2F
3-2: Fly out, F3 (Line Drive, 3L, EV 70.0 MPH)
Batting: LHB John Carter 0-0: Foul Ball, location: 2F
0-1: Foul Ball, location: 2F
0-2: Ball
1-2: Strikes out looking
Top of the 5th over - 0 runs, 0 hits, 0 errors, 0 left on base; Louisiana State University 1 - University of Conneticut 2
BOTTOM OF THE 5TH
University of Conneticut Huskies batting - Pitching for Louisiana State University Tigers : LHP Nathan Waters
Batting: LHB Andrew Barzee 0-0: SINGLE (Groundball, 6MD, EV 106.9 MPH)
Batting: RHB Roku Kawano 0-0: Ball
1-0: Ground out U3 (Groundball, 3S, EV 68.8 MPH)
Andrew Barzee to second
Batting: LHB Hector Acosta 0-0: DOUBLE (Line Drive, 9LD, EV 103.8 MPH)
Andrew Barzee scores
Pitching: LHP Bob Arms
Batting: RHB Victor Nava 0-0: Foul Ball, location: 2F
0-1: Ball
1-1: Foul Ball, location: 2F
1-2: Strikes out swinging
Batting: RHB Cullen Elliott 0-0: Called Strike
0-1: Ball
1-1: Ground out 5-3 (Groundball, 56, EV 83.8 MPH)
Bottom of the 5th over - 1 run, 2 hits, 0 errors, 1 left on base; Louisiana State University 1 - University of Conneticut 3
TOP OF THE 6TH
Louisiana State University Tigers batting - Pitching for University of Conneticut Huskies : RHP Jordan Watkins
Batting: LHB Manny Grado 0-0: Ball
1-0: Foul Ball, location: 2F
1-1: Called Strike
1-2: Foul Ball, location: 2F
1-2: Strikes out looking
Batting: RHB Keith Ashton 0-0: Ball
1-0: SINGLE (Groundball, 56D, EV 100.0 MPH)
Batting: RHB D.J. Ganz 0-0: Ball
1-0: Foul Ball, location: 2F
1-1: Grounds into double play, 6-4-3 (Groundball, 6, EV 104.4 MPH)
Top of the 6th over - 0 runs, 1 hit, 0 errors, 0 left on base; Louisiana State University 1 - University of Conneticut 3
BOTTOM OF THE 6TH
University of Conneticut Huskies batting - Pitching for Louisiana State University Tigers : LHP Bob Arms
Batting: RHB Lee Wilbur 0-0: Ball
1-0: Ball
2-0: Ball
3-0: Base on Balls
Batting: LHB Omar Alba 0-0: Ball
1-0: Swinging Strike
1-1: Fielders Choice at 2nd, 6-4 (Groundball, 6, EV 88.1 MPH)
Batting: RHB Jack Vokey 0-0: Ball
1-0: Ball
2-0: Ball
3-0: Called Strike
3-1: Base on Balls
Omar Alba to second
Pitching: RHP Luo-shan Xú
Batting: RHB Kyle Finney 0-0: Ball
1-0: Foul Ball, location: 2F
1-1: Fly out, F8 (Flyball, 8RD, EV 94.4 MPH)
Batting: LHB Andrew Barzee 0-0: Ground out U3 (Groundball, 3, EV 105.6 MPH)
Bottom of the 6th over - 0 runs, 0 hits, 0 errors, 2 left on base; Louisiana State University 1 - University of Conneticut 3
TOP OF THE 7TH
Louisiana State University Tigers batting - Pitching for University of Conneticut Huskies : RHP Jordan Watkins
Batting: RHB Byung-hee Jee 0-0: Ball
1-0: Foul Ball, location: 2F
1-1: SINGLE (Line Drive, 56, EV 96.9 MPH)
Batting: LHB Jon Valdez 0-0: Foul Ball, location: 2F
0-1: Called Strike
0-2: Strikes out swinging
Pinch Hitting: RHB Stewart Walker 0-0: Foul Ball, location: 2F
0-1: Swinging Strike
0-2: Ball
1-2: Foul Ball, location: 2F
1-2: Ball
2-2: Strikes out looking
Batting: SHB Paul Blaylock 0-0: Called Strike
0-1: Ball
1-1: Ball
2-1: Called Strike
2-2: Ground out 5-3 (Groundball, 56S, EV 94.4 MPH)
Top of the 7th over - 0 runs, 1 hit, 0 errors, 1 left on base; Louisiana State University 1 - University of Conneticut 3
BOTTOM OF THE 7TH
University of Conneticut Huskies batting - Pitching for Louisiana State University Tigers : RHP Luo-shan Xú
Now in LF: Brian Caruso
Batting: RHB Roku Kawano 0-0: Called Strike
0-1: Foul Ball, location: 2F
0-2: Fly out, F8 (Flyball, 8RD, EV 89.4 MPH)
Batting: LHB Hector Acosta 0-0: Ball
1-0: Fly out, F8 (Flyball, 8RD, EV 105.0 MPH)
Batting: RHB Victor Nava 0-0: SINGLE (Groundball, 6MD, EV 101.9 MPH)
Batting: RHB Cullen Elliott 0-0: Fielders Choice at 2nd, 5-4 (Groundball, 5, EV 101.9 MPH)
Bottom of the 7th over - 0 runs, 1 hit, 0 errors, 1 left on base; Louisiana State University 1 - University of Conneticut 3
TOP OF THE 8TH
Louisiana State University Tigers batting - Pitching for University of Conneticut Huskies : RHP Jordan Watkins
Pinch Hitting: RHB Winston Vasquez 0-0: Called Strike
0-1: Ball
1-1: Ball
2-1: Fly out, F7 (Line Drive, 78M, EV 94.4 MPH)
Batting: LHB John Carter 0-0: Ball
1-0: Foul Ball, location: 2F
1-1: Ball
2-1: Ball
3-1: Foul Ball, location: 2F
3-2: Ground out 5-3 (Groundball, 56, EV 88.8 MPH)
Batting: LHB Manny Grado 0-0: Called Strike
0-1: Ball
1-1: Ball
2-1: SOLO HOME RUN (Flyball, 9D, EV 97.5 MPH), Distance : 391 ft
Batting: RHB Keith Ashton 0-0: Ball
1-0: Fly out, F7 (Flyball, 7D, EV 104.4 MPH)
Top of the 8th over - 1 run, 1 hit, 0 errors, 0 left on base; Louisiana State University 2 - University of Conneticut 3
BOTTOM OF THE 8TH
University of Conneticut Huskies batting - Pitching for Louisiana State University Tigers : RHP Luo-shan Xú
Pitching: LHP Gianpaolo Capirossi
Now at 2B: Winston Vasquez
Batting: RHB Lee Wilbur 0-0: Ball
1-0: Ball
2-0: Swinging Strike
2-1: Called Strike
2-2: Foul Ball, location: 2F
2-2: Ball
3-2: Strikes out looking
Batting: LHB Omar Alba 0-0: Called Strike
0-1: Ball
1-1: Foul Ball, location: 2F
1-2: Strikes out swinging
Batting: RHB Jack Vokey 0-0: Ball
1-0: Ball
2-0: Ball
3-0: Called Strike
3-1: Called Strike
3-2: Fly out, F8 (Flyball, 8RD, EV 92.5 MPH)
Bottom of the 8th over - 0 runs, 0 hits, 0 errors, 0 left on base; Louisiana State University 2 - University of Conneticut 3
TOP OF THE 9TH
Louisiana State University Tigers batting - Pitching for University of Conneticut Huskies : RHP Jordan Watkins
Pitching: RHP Paul Pastrano
Batting: RHB D.J. Ganz 0-0: Ball
1-0: Called Strike
1-1: Ground out U3 (Groundball, 3L, EV 95.6 MPH)
Batting: RHB Byung-hee Jee 0-0: Called Strike
0-1: Foul Ball, location: 2F
0-2: Ball
1-2: SINGLE (Groundball, 4MD, EV 104.4 MPH)
Batting: LHB Jon Valdez 0-0: Ball
1-0: Ball
Balk!
Byung-hee Jee to second
2-0: Foul Ball, location: 2F
2-1: Foul Ball, location: 2F
2-2: Foul Ball, location: 2F
2-2: Foul Ball, location: 2F
2-2: Ball
3-2: Base on Balls
Batting: SHB Brian Caruso 0-0: Called Strike
0-1: Ball
1-1: Ball
2-1: Ball
3-1: Called Strike
3-2: Fly out, F9 (Flyball, 9, EV 95.6 MPH)
Runner from 2nd tags up, SAFE at 3rd with throw by RF
Batting: SHB Paul Blaylock 0-0: Called Strike
Balk!
Byung-hee Jee scores
Jon Valdez to second
0-1: Ground out 6-3 (Groundball, 6, EV 93.1 MPH)
Top of the 9th over - 1 run, 1 hit, 0 errors, 1 left on base; Louisiana State University 3 - University of Conneticut 3
BOTTOM OF THE 9TH
University of Conneticut Huskies batting - Pitching for Louisiana State University Tigers : LHP Gianpaolo Capirossi
Pitching: RHP Jeff Blankenship
Batting: RHB Kyle Finney 0-0: Ball
1-0: Fly out, F3 (Popup, 3SF, EV 87.5 MPH)
Batting: LHB Andrew Barzee 0-0: Swinging Strike
0-1: Called Strike
0-2: Ball
1-2: Ball
2-2: Ball
3-2: Ground out 4-3 (Groundball, 4, EV 81.2 MPH)
Batting: RHB Roku Kawano 0-0: Ball
1-0: Ball
2-0: Foul Ball, location: 2F
2-1: Called Strike
2-2: Ball
3-2: Base on Balls
Batting: LHB Hector Acosta 0-0: Ball
1-0: Ball
2-0: Foul Ball, location: 2F
2-1: Swinging Strike
2-2: Strikes out swinging
Bottom of the 9th over - 0 runs, 0 hits, 0 errors, 1 left on base; Louisiana State University 3 - University of Conneticut 3
TOP OF THE 10TH
Louisiana State University Tigers batting - Pitching for University of Conneticut Huskies : RHP Paul Pastrano
Batting: RHB Winston Vasquez 0-0: Ball
1-0: Ball
2-0: Swinging Strike
2-1: DOUBLE (Line Drive, 9LD, EV 106.2 MPH)
Batting: LHB John Carter 0-0: Called Strike
0-1: Foul Ball, location: 2F
0-2: Ball
1-2: Foul Ball, location: 2F
1-2: Foul Ball, location: 2F
1-2: Ground out 6-3 (Groundball, 6S, EV 64.4 MPH)
Winston Vasquez to third
Batting: LHB Manny Grado 0-0: Intentional Walk
Batting: RHB Keith Ashton 0-0: Ball
1-0: Called Strike
1-1: Foul Ball, location: 2F
1-2: Ball
Balk!
Winston Vasquez scores
Manny Grado to second
2-2: Foul Ball, location: 2F
2-2: Ball
3-2: Ground out U3 (Groundball, 3, EV 80.0 MPH)
Manny Grado to third
Batting: RHB D.J. Ganz 0-0: Called Strike
0-1: Ground out 6-3 (Groundball, 6, EV 89.4 MPH)
Top of the 10th over - 1 run, 1 hit, 0 errors, 1 left on base; Louisiana State University 4 - University of Conneticut 3
BOTTOM OF THE 10TH
University of Conneticut Huskies batting - Pitching for Louisiana State University Tigers : RHP Jeff Blankenship
Pitching: RHP Jeremy Kolb
Batting: RHB Victor Nava 0-0: Ball
1-0: Foul Ball, location: 2F
1-1: Called Strike
1-2: Ball
2-2: Foul Ball, location: 2F
2-2: Ground out U3 (Groundball, 3S, EV 86.9 MPH)
Batting: RHB Cullen Elliott 0-0: Called Strike
0-1: Ball
1-1: Ball
2-1: Ball
3-1: Foul Ball, location: 2F
3-2: Base on Balls
Batting: RHB Lee Wilbur 0-0: Called Strike
0-1: Swinging Strike
0-2: Ball
1-2: Reached on error, E6 (Groundball, 6, EV 89.4 MPH)
Cullen Elliott to second
Pinch Hitting: RHB Jordan Nicholas 0-0: Ball
1-0: Ball
2-0: Reached on error, E4 (Groundball, 4, EV 82.5 MPH)
Cullen Elliott to third
Lee Wilbur to second
Batting: RHB Jack Vokey 0-0: Called Strike
0-1: Ball
1-1: Ball
2-1: GRAND SLAM HOME RUN (Flyball, 7D, EV 96.9 MPH), Distance : 379 ft
Bottom of the 10th over - 4 runs, 1 hit, 2 errors, 0 left on base; Louisiana State University 4 - University of Conneticut 7
Sunday, July 16th , 2023 - OOTP Baseball 24.6 Build 69